 Dungeon Crawl Stone Soup version 0.26.0-90-g5fd8617961 (webtiles) character file.

Game seed: 16983589819287666055

49 Gadfly the Cudgeller (level 3, -3/36 HPs)
             Began as an Ogre Gladiator on Feb 3, 2021.
             Slain by Sigmund
             ... wielding a +0 scythe
              (12 damage)
             ... on level 3 of the Dungeon.
             The game lasted 00:03:49 (2813 turns).

Gadfly the Cudgeller (Ogre Gladiator)               Turns: 2813, Time: 00:03:49

Health: -3/36      AC:  4    Str: 19    XL:     3   Next: 75%
Magic:  4/4        EV: 10    Int:  9    God:
Gold:   51         SH:  0    Dex: 10    Spells: 2/2 levels left

rFire    . . .     SeeInvis .   a - +0 flail
rCold    . . .     Faith    .   (no shield)
rNeg     . . .     Spirit   .   b - +0 robe
rPois    .         Reflect  .   c - +1 hat
rElec    .         Harm     .   (no cloak)
rCorr    .         Rampage  .   (gloves unavailable)
Will     .....                  (boots unavailable)
Stlth    +.........             (no amulet)
HPRegen  0.12/turn              h - +4 ring of slaying
MPRegen  0.09/turn              (no ring)

@: no status effects
A: large, unfitting armour, tough skin 1
a: no special abilities


You were on level 3 of the Dungeon.
You visited 1 branch of the dungeon, and saw 3 of its levels.

You collected 51 gold pieces.

Inventory:

Hand Weapons
 a - a +0 flail (weapon)
Missiles
 d - a throwing net (quivered)
 l - 56 stones
 m - 4 javelins
Armour
 b - a +0 robe (worn)
 c - a +1 hat (worn)
Jewellery
 h - a +4 ring of slaying (left hand)
Scrolls
 f - a scroll of blinking
 j - 2 scrolls of identify
Potions
 i - a potion of heal wounds


   Skills:
 - Level 2.6 Fighting
 + Level 2.9 Maces & Flails
 + Level 2.3 Throwing
 * Level 1.2 Armour
 - Level 2.6 Dodging
 * Level 1.6 Invocations
 * Level 1.0 Evocations


You had 2 spell levels left.
You didn't know any spells.
Your spell library was empty.

Dungeon Overview and Level Annotations

Branches:
Dungeon (3/15)

Altars:

Annotations:
D:3 Sigmund


Innate Abilities, Weirdness & Mutations

You are too large for most types of armour.
You have tough skin. (AC +1)


Message History

You hit Sigmund.
Sigmund is heavily wounded.
Sigmund struggles against the net. x2
You hit Sigmund.
Sigmund is heavily wounded.
Sigmund gestures at himself while chanting.
Sigmund flickers and vanishes!
Deactivating autopickup; reactivate with Ctrl-A.
Something wriggles in the net.
All of a sudden the net rips apart!
You barely miss something. Something hits you!
You miss something. You miss something. Something hits you!
You closely miss something. Something hits you but does no damage.
You closely miss something.
You hear some strange, mumbled words.
A magic dart appears from out of thin air!
The magic dart hits you.
* * * LOW HITPOINT WARNING * * *
You miss something. Something hits you!
You die...

#..... +.....
#....# #....#
#....# #(...#
####
##(...##...#
#((..{@<$..#
..............#
....(.(.......+
...(..........#
...........####
...........#
...........#
....########


There were no monsters in sight!

Vanquished Creatures
  A leopard gecko (D:1)
  6 bats
  5 giant cockroaches
  10 goblins
  6 hobgoblins
  2 jackals (D:1)
  2 frilled lizards
  3 kobolds (D:1)
  7 rats
42 creatures vanquished.

Notes
Turn   | Place    | Note
-------+----------+-------------------------------------------
     0 | D:1      | Gadfly the Ogre Gladiator began the quest for the Orb.
     0 | D:1      | Reached XP level 1. HP: 22/22 MP: 1/1
   478 | D:1      | Reached XP level 2. HP: 27/29 MP: 2/2
   694 | D:1      | Reached skill level 1 in Invocations
   987 | D:1      | Reached XP level 3. HP: 34/36 MP: 3/3
  1224 | D:1      | Reached skill level 1 in Armour
  1727 | D:2      | Reached skill level 1 in Evocations
  2150 | D:3      | Noticed Sigmund
  2813 | D:3      | Slain by Sigmund

Illustrated notes

Levels and vault maps discovered:
D:1:      lightli_arrival_chessboard, layout_loops_corners
D:2:      layout_rooms
D:3:      layout_basic, gammafunk_ghost_arena, kennysheep_nub, uniq_sigmund

Skill      XL: |  1  2  3 |
---------------+----------+-----
Invocations    | 1 |  1.6
Armour         | 1 |  1.2
Evocations     | 1 |  1.0
Fighting       | |  2.6
Maces & Flails | |  2.9
Throwing       | |  2.3
Dodging        | |  2.6

Action                   || total
-------------------------++-------
Melee: Flail             ||   114
Throw: Stone             ||    29
       Javelin           ||     2
       Throwing net      ||     2
  Use: Scroll            ||     7
       Potion            ||     1
 Stab: Held in net/web   ||     1
Armor: Robe              ||    47
Dodge: Dodged            ||    60
